AoeStats
← chen_yang90

Nomad

510135898Analyzed
2v2 RM · 2d ago on Sep 29, 2026· 35m 57s· 4 players
Game mode
Random Map
Map size
176×176
Population
200
Speed
Normal
Resources
Standard
Victory
Conquest
Starting age
Dark Age
Ending age
Imperial Age
RankedLock teamsTeams togetherTeam positionsShared explorationLock speedFull tech treeHidden civsTurbo modeCheats
Victory
Defeat
🇩🇪 Lithuanians · Germany
1143
+15
🇩🇪 Huns · Germany
1143
+15
🇹🇷 Vietnamese · Türkiye
1136
-15
🇹🇷 Bulgarians · Türkiye
1125
-15
jackalius
2:54 Loom
4:45 Loom
6:03 Loom
6:12 Loom
12:25 Feudal Age
28:05 Castle Age
26:55 Stone Mining
34:03 Gambesons
33:41 Pikeman
XOLTAR
3:29 Loom
14:08 Feudal Age
16:45 Padded Archer Armor
22:44 Castle Age
31:11 Fletching
chen_yang90
3:07 Loom
5:01 Loom
13:07 Feudal Age
17:50 Castle Age
16:11 Gold Mining
16:09 Double-Bit Axe
17:27 Bloodlines
18:01 Horse Collar
18:44 Light Cavalry
24:46 Wheelbarrow
25:43 Stone Mining
27:38 Forging
28:58 Iron Casting
30:39 Heavy Plow
32:07 Bow Saw
32:30 Husbandry
33:10 Scale Barding Armor
Dr.KoMi
4:18 Loom
13:13 Feudal Age
16:57 Castle Age
15:24 Fletching
16:48 Padded Archer Armor
16:52 Double-Bit Axe
18:11 Bow Saw
19:45 Town Watch
27:28 Wheelbarrow
27:09 Elite Skirmisher
27:49 Bodkin Arrow
28:03 Horse Collar
29:06 Hand Cart
30:34 Scale Barding Armor
30:50 Forging
31:31 Heavy Plow
33:45 Chain Barding Armor
35:34 Iron Casting
Connection lost

Rejoining the realm…

Still unreachable

The connection could not be restored.

Session expired

The server has moved on; the page needs a fresh start.